 Dungeon Crawl Stone Soup version 0.25-a0-482-g9b3b753f3f (webtiles) character file.

Game seed: 8488094587917641491, levelgen mode: deterministic

392788 Laukis the Impregnable (level 23, -8/164 HPs)
             Began as a Gargoyle Fighter on Feb 10, 2020.
             Was the Champion of Okawaru.
             Killed by the air
             ... invoked by a spriggan air mage
              (15 damage)
             ... on level 2 of the Depths.
             The game lasted 03:05:45 (55669 turns).

Laukis the Impregnable (Gargoyle Fighter)          Turns: 55669, Time: 03:05:46

Health: -8/164     AC: 52    Str: 32    XL:     23   Next: 13%
Magic:  9/9        EV: 10    Int: 14    God:    Okawaru [******]
Gold:   7502       SH: 18    Dex: 21    Spells: 22/22 levels left

rFire    + + .     SeeInvis +   Y - +7 morningstar of the Pit {antimagic, rF+ Dex+4 Stlth-}
rCold    . . .     Gourm    .   C - +0 shield of Limitation {Dex+5}
rNeg     + . .     Faith    .   c - +2 chain mail "Mano" {*Drain MR++ Str+4 SInv Stlth+}
rPois    ∞         Spirit   .   G - +2 helmet {Int+3}
rElec    +         Reflect  +   d - +2 cloak {MR+}
rCorr    .         Harm     .   B - +2 pair of gloves {Dex+3}
MR       ++++.                  W - +2 pair of boots {Fly}
Stlth    ..........             S - +2 amulet of reflection
HPRegen  0.37/turn              k - ring "Zaipeip" {rF+ Slay+3}
MPRegen  0.11/turn              J - +2 ring of slaying

@: flying
A: big wings, negative energy resistance 1, electricity resistance, unbreathing,
petrification resistance, rot immunity, AC +17
}: 2/15 runes: serpentine, barnacled
a: Stop Flying, Heroism, Finesse, Renounce Religion


You were on level 2 of the Depths.
You worshipped Okawaru.
Okawaru was exalted by your worship.
You were very hungry.

You visited 9 branches of the dungeon, and saw 41 of its levels.
You also visited: Ossuary, Bailey and Ice Cave.

You collected 9443 gold pieces.
You spent 1941 gold pieces at shops.

Inventory:

Hand Weapons
 L - a +1 eveningstar of flaming
 N - the +10 whip "Qeroas" {holy, rPois MR+}
   (You found it on level 4 of the Lair of Beasts)

   It has been blessed by the Shining One to cause great damage to the undead
   and demons.
   It protects you from poison.
   It affects your resistance to hostile enchantments.
 U - a +2 eveningstar of protection
 Y - the +7 morningstar of the Pit (weapon) {antimagic, rF+ Dex+4 Stlth-}
   (You found it on level 3 of the Snake Pit)

   It reduces the magical energy of the wielder, and disrupts the spells and
   magical abilities of those hit.
   Natural abilities and divine invocations are not affected.
   It affects your dexterity (+4).
   It protects you from fire.
   It makes you less stealthy.
Missiles
 u - a throwing net (quivered)
Armour
 a - a scarf of resistance
 c - the +2 chain mail "Mano" (worn) {*Drain MR++ Str+4 SInv Stlth+}
   (You found it on level 1 of the Elven Halls)

   It affects your strength (+4).
   It affects your resistance to hostile enchantments.
   It lets you see invisible.
   It causes draining when unequipped.
   It makes you more stealthy.
   If you remove this armour, your AC will decrease by 18 (52 -> 34).
 d - a +2 cloak of magic resistance (worn)
 h - the +0 ice dragon scales of Okawaru's Regard {rF- rC++ Str+7 Stlth-}
   (Okawaru gifted it to you on level 6 of the Lair of Beasts)

   It affects your strength (+7).
   It makes you vulnerable to fire.
   It greatly protects you from cold.
   It makes you less stealthy.
   If you switch to wearing this armour, your AC will remain unchanged.
 q - the +1 plate armour of Darkness {MR+}
   (You found it on level 3 of the Vaults)

   It affects your resistance to hostile enchantments.
   If you switch to wearing this armour, your AC will increase by 4 (52 -> 56).
 B - a +2 pair of gloves of dexterity (worn)
 C - the +0 shield of Limitation (worn) {Dex+5}
   (You acquired it on level 1 of the Elven Halls)

   It affects your dexterity (+5).
 G - a +2 helmet of intelligence (worn)
 W - a +2 pair of boots of flying (worn)
 X - a +1 helmet of see invisible
Jewellery
 k - the ring "Zaipeip" (left hand) {rF+ Slay+3}
   (You bought it in a shop on level 5 of the Dungeon)

   [ring of protection from fire]

   It affects your accuracy and damage with ranged weapons and melee attacks
   (+3).
   It protects you from fire.
 J - a +2 ring of slaying (right hand)
 S - a +2 amulet of reflection (around neck)
Wands
 t - a wand of enslavement (11)
 z - a wand of polymorph (11)
 D - a wand of iceblast (28)
 E - a wand of disintegration (5)
 T - a wand of acid (13)
 V - a wand of paralysis (21)
Scrolls
 g - 3 scrolls of holy word
 i - 10 scrolls of teleportation
 m - 28 scrolls of remove curse
 n - 3 scrolls of fear
 p - 6 scrolls of identify
 r - 16 scrolls of enchant armour
 s - 6 scrolls of magic mapping
 v - a scroll of brand weapon {unknown}
 y - a scroll of summoning
 F - 5 scrolls of enchant weapon
 O - 2 scrolls of acquirement
 Q - 6 scrolls of fog
Potions
 b - 7 potions of mutation
 e - 3 potions of heal wounds
 l - 5 potions of agility
 o - 3 potions of cancellation
 w - 11 potions of curing
 x - 5 potions of resistance
 A - 9 potions of haste
 I - 3 potions of berserk rage
 K - a potion of might
Comestibles
 f - 59 rations


   Skills:
 + Level 22.9 Fighting
   Level 11.9(14.8) Axes
 - Level 16.0(17.5) Maces & Flails
 + Level 24.3 Armour
 - Level 15.0 Shields
 - Level 8.1 Invocations


You had 22 spell levels left.
You didn't know any spells.
Your spell library contained the following spells:

 Spells                   Type           Power        Failure   Level  Hunger
 Animate Skeleton         Necr           N/A          52%         1    ##.....
 Apportation              Tloc           #.....       52%         1    ##.....
 Corona                   Hex            #......      52%         1    ##.....
 Freeze                   Ice            #...         52%         1    ##.....
 Infusion                 Chrm           #...         52%         1    ##.....
 Magic Dart               Conj           #...         52%         1    ##.....
 Sandblast                Erth           #.....       52%         1    ##.....
 Shock                    Conj/Air       #...         52%         1    ##.....
 Sting                    Tmut/Pois      #...         52%         1    ##.....
 Summon Butterflies       Summ           #.......     52%         1    ##.....
 Summon Small Mammal      Summ           #...         52%         1    ##.....
 Call Imp                 Summ           #.......     67%         2    ###....
 Corpse Rot               Necr/Air       N/A          67%         2    ###....
 Passwall                 Tmut/Erth      #.......     67%         2    ###....
 Poisonous Vapours        Pois/Air       #.....       67%         2    ###....
 Searing Ray              Conj           #.....       67%         2    ###....
 Shroud of Golubria       Chrm/Tloc      #.....       67%         2    ###....
 Slow                     Hex            #.......     67%         2    ###....
 Song of Slaying          Chrm           #.......     67%         2    ###....
 Swiftness                Chrm/Air       #.......     67%         2    ###....
 Call Canine Familiar     Summ           #.......     88%         3    ####...
 Conjure Flame            Conj/Fire      #.......     88%         3    ####...
 Dazzling Flash           Conj/Hex       #.....       88%         3    ####...
 Frozen Ramparts          Ice            #.....       88%         3    ####...
 Ignite Poison            Fire/Tmut/Pois #.......     88%         3    ####...
 Inner Flame              Hex/Fire       #.......     88%         3    ####...
 Mephitic Cloud           Conj/Pois/Air  #.......     88%         3    ####...
 Ozocubu's Armour         Chrm/Ice       #.......     88%         3    ####...
 Portal Projectile        Hex/Tloc       #.....       88%         3    ####...
 Recall                   Summ/Tloc      N/A          88%         3    ####...
 Spectral Weapon          Hex/Chrm       #.......     88%         3    ####...
 Stone Arrow              Conj/Erth      #.....       88%         3    ####...
 Summon Guardian Golem    Hex/Summ       #.......     88%         3    ####...
 Animate Dead             Necr           N/A          99%         4    #####..
 Cause Fear               Hex            #.........   99%         4    #####..
 Dispel Undead            Necr           #.......     99%         4    #####..
 Fulminant Prism          Conj/Hex       #.........   99%         4    #####..
 Hailstorm                Conj/Ice       #.......     99%         4    #####..
 Ice Form                 Ice/Tmut       #.......     99%         4    #####..
 Iskenderun's Mystic Bla  Conj/Tloc      #.......     99%         4    #####..
 Leda's Liquefaction      Hex/Erth       #.........   99%         4    #####..
 Olgreb's Toxic Radiance  Pois           #.......     99%         4    #####..
 Passage of Golubria      Tloc           N/A          99%         4    #####..
 Petrify                  Tmut/Erth      #.......     99%         4    #####..
 Summon Ice Beast         Ice/Summ       #.......     99%         4    #####..
 Summon Lightning Spire   Summ/Air       #.......     99%         4    #####..
 Agony                    Necr           #.......     100%        5    ######.
 Borgnjor's Vile Clutch   Necr/Erth      #.........   100%        5    ######.
 Excruciating Wounds      Chrm/Necr      #.........   100%        5    ######.
 Iskenderun's Battlesphe  Conj/Chrm      #.......     100%        5    ######.
 Lee's Rapid Deconstruct  Erth           #.........   100%        5    ######.
 Metabolic Englaciation   Hex/Ice        #.........   100%        5    ######.
 Summon Forest            Summ/Tloc      #.........   100%        5    ######.
 Summon Mana Viper        Hex/Summ       #.......     100%        5    ######.
 Conjure Ball Lightning   Conj/Air       #.........   100%        6    #######
 Darkness                 Hex            #.........   100%        6    #######
 Death Channel            Necr           #.........   100%        6    #######
 Eringya's Noxious Bog    Tmut/Pois      #.........   100%        6    #######
 Freezing Cloud           Conj/Ice/Air   #.........   100%        6    #######
 Hydra Form               Tmut           #.........   100%        6    #######
 Invisibility             Hex            #.......     100%        6    #######
 Ozocubu's Refrigeration  Ice            #.........   100%        6    #######
 Simulacrum               Ice/Necr       #.........   100%        6    #######
 Haunt                    Necr/Summ      #.........   100%        7    #######
 Ring of Flames           Chrm/Fire      #.........   100%        7    #######
 Summon Hydra             Summ           #.........   100%        7    #######
 Borgnjor's Revivificati  Necr           #.........   100%        8    #######
 Death's Door             Chrm/Necr      #.........   100%        8    #######
 Infestation              Necr           #.........   100%        8    #######
 Necromutation            Tmut/Necr      #.........   100%        8    #######
 Sublimation of Blood     Necr           Unusable     N/A         2    N/A

Dungeon Overview and Level Annotations

Branches:
Dungeon (15/15)            Temple (1/1) D:6            Lair (6/6) D:9
 Shoals (4/4) Lair:4        Snake (4/4) Lair:3        Slime (0/5) Lair:6
    Orc (2/2) D:10            Elf (3/3) Orc:2        Vaults (4/5) D:13
  Crypt (0/3) Vaults:3     Depths (2/5) D:15        Ossuary (visited)
 Bailey (visited)           IceCv (visited)

Altars:
Ashenzari
Cheibriados
Dithmenos
Elyvilon
Fedhas
Gozag
Hepliaklqana
Kikubaaqudgha
Makhleb
Nemelex Xobeh
Okawaru
Qazlal
Ru
Sif Muna
Trog
Uskayaw
Vehumet
Wu Jian
Xom
Yredelemnul
Zin
The Shining One
Beogh

Shops:
D:5 =   D:6 %   D:10 [   D:12 %   D:13 }   Orc:2 ?*(!   Elf:1 ?   Elf:3 =
Snake:1 ?   Snake:2 ?

Portals:
Hell: Depths:1
Abyss: D:11 Depths:1
Pandemonium: Depths:1
Ziggurat: Depths:1
Trove: Vaults:1 (give horn of Geryon)

Annotations:
D:6 1 runed translucent door
D:11 2 transporters, Veteran's ghost, novice DDFi
Lair:5 1 runed translucent door
Shoals:1 exclusion: oklob plant
Vaults:1 3 runed translucent doors, Lofupn's ghost, adept SpEn
Vaults:2 exclusion: door, Mennas


Innate Abilities, Weirdness & Mutations

You are resistant to torment.
Your stone body is resilient. (AC +17)
You are immune to poison.
Your large and strong wings let you fly indefinitely.
You resist negative energy. (rN+)
You are resistant to electric shocks. (rElec)
You can survive without breathing.
You are immune to petrification.
You are immune to rotting.


Message History

You puncture the frost giant!
The frost giant's magic leaks into the air.
The frost giant is moderately wounded.
The frost giant casts a spell at you. The bolt of cold hits you!!
The spriggan air mage waves its arms in wide circles.
The air twists around and violently strikes you in flight.
You are feeling very hungry.
The spriggan air mage waves its arms in wide circles.
The air twists around and violently strikes you in flight!!
The frost giant casts a spell at you. The bolt of cold hits you!!!
* * * LOW HITPOINT WARNING * * *
There is a stone staircase leading up here.
The frost giant points at you and mumbles some strange words.
The bolt of cold hits you!!
* * * LOW HITPOINT WARNING * * *
The spriggan air mage waves its arms in wide circles.
The air twists around and violently strikes you in flight!
You die...

..........
##..........
...........
#..........
#..........
###.........
#........##### #
#.......#...# #.
####......#.@.# #.#
#.##..C...#...#
#..###....##O###C##
.<...#.#..#...#OiC#
#....#...#...'.O.#
#....##..#...#...#
##..#.##C##########
....##......###...#...
....##..#.##.#........


You could see 2 frost giants, an ettin, 2 two-headed ogres, an ogre mage and a
spriggan air mage.

Vanquished Creatures
  Boris (Vaults:4)
  Jory (Vaults:4)
  A lich (Vaults:1)
  Jorgrun (D:12)
  3 deep elf blademasters
  Polyphemus (Shoals:2)
  Frances (D:12)
  A sphinx (Depths:1)
  A storm dragon (Vaults:4)
  A tengu reaver (Vaults:1)
  6 nagarajas
  Donald (D:13)
  A fire giant (Vaults:3)
  3 vault wardens
  8 deep elf sorcerers
  2 frost giants
  2 orc warlords (Orc:2)
  5 deep elf elementalists (Elf:3)
  7 stone giants
  10 very ugly things
  6 ironheart preservers
  The ghost of ICC the Brawler, an adept VSFi of Wu Jian (Orc:1)
  Nessos (Lair:4)
  3 deep elf demonologists (Elf:3)
  7 deep elf annihilators
  3 spark wasps (Depths:1)
  3 ettins
  8 deep elf death magi
  Josephine (Lair:6)
  10 merfolk impalers
  5 fire dragons
  9 ogre magi
  3 merfolk javelineers
  4 great orbs of eyes
  A deep elf high priest (Elf:3)
  The ghost of DerDa the Eclecticist, a journeyman DECj of Sif Muna (Orc:1)
  6 yaktaur captains
  7 rakshasas
  8 hydras
  8 ice dragons
  22 naga warriors
  8 vault guards (D:13)
  2 catoblepae
  3 merfolk avatars
  A death knight (D:11)
  4 centaur warriors
  9 anacondas
  An alligator (shapeshifter) (D:14)
  A merfolk aquamancer (Shoals:4)
  19 dancing weapons
  4 deep troll shamans
  25 two-headed ogres
  9 death yaks
  A tengu warrior (D:13)
  15 naga sharpshooters
  6 shock serpents
  6 orc high priests
  9 skeletal warriors
  20 deep elf knights
  A sixfirhy (Depths:1)
  2 shadow wraiths (Vaults:2)
  A salamander mystic (Snake:4)
  A gelid demonspawn (Depths:1)
  5 hell knights (D:12)
  3 deep trolls
  A kraken simulacrum (Shoals:4)
  4 deep elf archers
  2 glowing orange brains
  6 naga ritualists
  6 unseen horrors
  7 wizards
  11 sea snakes
  20 orc knights
  A flayed ghost (Vaults:2)
  4 necromancers
  3 wolf spider zombies
  8 ironbrand convokers
  A sphinx zombie (Vaults:3)
  27 harpies
  7 wolf spiders
  12 mana vipers
  A phantasmal warrior (D:10)
  6 orc sorcerers
  48 deep elf magi
  54 ugly things
  14 elephants
  10 manticores
  7 salamanders
  6 merfolk sirens
  13 fauns
  7 cyclopes
  6 guardian serpents
  31 naga magi
  5 water nymphs
  An ice statue (IceCv)
  10 vault sentinels
  24 black mambas
  Maggie (Lair:2)
  6 gargoyles
  An orange demon (Depths:1)
  9 spiny frogs
  3 komodo dragons
  2 torpor snails (Lair:5)
  26 yaktaurs
  A rime drake (shapeshifter) (Vaults:4)
  6 freezing wraiths
  2 small abominations (Elf:3)
  3 kobold demonologists
  A demonic crawler (Lair:1)
  A tormentor (Depths:1)
  3 efreet
  10 trolls
  13 merfolk
  5 hornets
  A tengu conjurer (Depths:2)
  20 polar bears
  23 slime creatures
  2 wind drakes
  12 hippogriffs
  11 blink frogs
  12 snapping turtles
  17 dream sheep
  A hippogriff (shapeshifter) (Vaults:2)
  A spriggan (D:9)
  2 shadows
  5 wyverns
  9 water elementals
  2 centaur simulacra
  6 wraiths
  2 spriggans (shapeshifter)
  2 air elementals (Elf:2)
  71 yaks
  7 basilisks
  3 hungry ghosts
  A hog (shapeshifter) (Depths:2)
  4 fire elementals
  Menkaure (D:5)
  48 nagas
  8 wargs
  A yaktaur simulacrum (Vaults:1)
  3 acid dragons
  3 soldier ants (D:6)
  3 swamp worms (Lair:1)
  A soldier ant (shapeshifter) (Vaults:2)
  7 hell hounds (D:12)
  16 water moccasins
  7 porcupines
  63 orc warriors
  8 phantoms
  16 ice beasts
  7 sky beasts
  A black bear (D:9)
  A necrophage (D:11)
  40 ogres
  An eye of draining (D:14)
  8 boggarts
  34 wolves
  20 centaurs
  10 crocodiles
  Blork the orc (D:5)
  29 bullfrogs
  9 big kobolds
  2 earth elementals
  A human skeleton (Vaults:3)
  A water moccasin zombie (Ossuary)
  3 scorpions
  4 human simulacra
  21 killer bees
  8 wights
  A howler monkey (D:12)
  5 electric eels (Bailey)
  6 centaur zombies
  4 crimson imps
  A bullfrog zombie (D:9)
  8 jellies
  7 hounds
  21 orc wizards
  3 quasits
  30 orc priests
  Crazy Yiuf (D:7)
  4 bullfrog skeletons
  8 centaur skeletons
  11 iguanas
  8 worker ants
  2 big kobold zombies (Ossuary)
  A hound zombie (D:8)
  3 mummies
  A howler monkey zombie (D:10)
  4 worker ant zombies
  11 gnolls
  8 adders
  4 shadow imps
  4 oozes (Lair:6)
  10 adder zombies (Ossuary)
  An adder skeleton (D:9)
  4 worms
  5 leopard geckos
  155 orcs
  6 bats
  4 giant cockroaches
  2 gnoll zombies (Ossuary)
  20 goblins
  6 hobgoblins
  9 jackals
  9 quokkas
  2 frilled lizards
  3 hobgoblin zombies (Ossuary)
  A jackal skeleton (D:9)
  22 kobolds
  6 kobold zombies (Ossuary)
  3 leopard gecko skeletons
  3 orc zombies (Ossuary)
  A quokka skeleton (D:8)
  A quokka zombie (D:7)
  5 rats
  A tentacle (Shoals:4)
1821 creatures vanquished.

Vanquished Creatures (collateral kills)
  2 ironheart preservers (Vaults:3)
  A deep elf demonologist (Vaults:3)
  An ogre mage (Vaults:3)
  A two-headed ogre (Vaults:3)
  A deep elf archer (Vaults:3)
  2 deep elf magi (Vaults:3)
  2 ogres (Vaults:3)
10 creatures vanquished.

Vanquished Creatures (others)
  2 deep elf master archers (Elf:3)
  A deep elf annihilator (Elf:2)
  2 centaur warriors
  A satyr (Shoals:4)
  A deep elf knight (Elf:3)
  A deep elf archer (Elf:3)
  A deep elf mage (Elf:3)
  2 cyclopes
  2 yaktaurs
  A merfolk (Shoals:4)
  An orc warrior (Orc:2)
  2 boggarts
  3 centaurs (D:15)
  A crocodile (Lair:6)
  8 fungi
  11 plants
  3 tentacles (Shoals:4)
  13 toadstools (Lair:5)
  A withered plant (Orc:1)
57 creatures vanquished.

Grand Total: 1888 creatures vanquished

Notes
Turn   | Place    | Note
-------+----------+-------------------------------------------
     0 | D:1      | Laukis the Gargoyle Fighter began the quest for the Orb.
     0 | D:1      | Reached XP level 1. HP: 14/14 MP: 1/1
   573 | D:1      | Reached XP level 2. HP: 19/19 MP: 2/2
  1130 | D:2      | Reached XP level 3. HP: 23/23 MP: 3/3
  1302 | D:2      | Found a radiant altar of Vehumet.
  1596 | D:3      | Reached XP level 4. HP: 22/28 MP: 4/4
  2425 | D:4      | Noticed a phantom
  2472 | D:4      | Killed a phantom
  2472 | D:4      | Reached skill level 4 in Armour
  2472 | D:4      | Reached skill level 5 in Shields
  2472 | D:4      | Reached XP level 5. HP: 18/32 MP: 5/5
  2789 | D:4      | Reached XP level 6. HP: 37/37 MP: 6/6
  2995 | D:4      | Found a burning altar of Makhleb.
  3394 | D:5      | Entered Level 5 of the Dungeon
  3394 | D:5      | Noticed a sky beast
  3448 | D:5      | Found Ixem's Jewellery Shoppe.
  3448 | D:5      | Noticed Blork the orc
  3460 | D:5      | Killed Blork the orc
  3544 | D:5      | Reached skill level 5 in Maces & Flails
  3544 | D:5      | Reached XP level 7. HP: 20/41 MP: 7/7
  3596 | D:5      | Reached skill level 5 in Armour
  3637 | D:5      | Noticed Menkaure
  3837 | D:5      | Killed Menkaure
  3837 | D:5      | Reached XP level 8. HP: 34/46 MP: 8/8
  4309 | D:6      | Reached skill level 6 in Armour
  4357 | D:6      | Found a sand-covered staircase.
  4366 | Ossuary  | Entered an ossuary
  4677 | D:6      | Reached XP level 9. HP: 51/51 MP: 9/9
  4714 | D:6      | Found an ancient bone altar of Kikubaaqudgha.
  4721 | D:6      | Found a blossoming altar of Fedhas.
  4765 | D:6      | Found Ezeuloon's Food Boutique.
  4981 | D:6      | Found a staircase to the Ecumenical Temple.
  4990 | D:6      | Found a runed translucent door.
  5082 | D:6      | Found the +9 staff of Olgreb {rPois∞}
  5084 | D:6      | Found a runed translucent door.
  5089 | D:6      | Found a runed translucent gate.
  5097 | Temple   | Entered the Ecumenical Temple
  5342 | Temple   | Became a worshipper of Warmaster Okawaru
  5372 | D:6      | Found a runed translucent gate.
  5379 | D:6      | Found a runed translucent gate.
  5637 | D:6      | Reached * piety under Okawaru
  5660 | D:6      | Reached skill level 7 in Armour
  6067 | D:7      | Reached skill level 10 in Shields
  6076 | D:7      | Reached ** piety under Okawaru
  6097 | D:7      | Reached XP level 10. HP: 40/56 MP: 10/10
  6394 | D:7      | Found a runed translucent door.
  6395 | D:7      | Noticed Crazy Yiuf
  6545 | D:7      | Killed Crazy Yiuf
  6729 | D:8      | Reached skill level 8 in Armour
  6738 | D:8      | Reached *** piety under Okawaru
  7564 | D:8      | Reached skill level 10 in Maces & Flails
  7849 | D:8      | Found a shadowy altar of Dithmenos.
  7954 | D:9      | Reached **** piety under Okawaru
  8041 | D:9      | Found a staircase to the Lair.
  8240 | D:9      | Reached XP level 11. HP: 34/60 MP: 11/11
  8382 | D:9      | Received a gift from Okawaru
  8665 | D:9      | Reached skill level 9 in Armour
  8786 | D:9      | Found a glowing silver altar of Zin.
  8786 | D:9      | Found a white marble altar of Elyvilon.
  8786 | D:9      | Found a glowing golden altar of the Shining One.
  8839 | D:10     | Entered Level 10 of the Dungeon
  8852 | D:10     | Noticed an orc knight
  8886 | D:9      | Killed an orc knight
  9059 | D:10     | Noticed an orc knight
  9157 | D:8      | Killed an orc knight
  9157 | D:8      | Received a gift from Okawaru
  9270 | D:10     | Found a roughly hewn altar of Beogh.
  9270 | D:10     | Found a staircase to the Orcish Mines.
  9545 | D:10     | Found Nuarhasu's Armour Boutique.
  9792 | D:10     | Noticed a two-headed ogre
  9806 | D:10     | Killed a two-headed ogre
  9806 | D:10     | Reached ***** piety under Okawaru
 10179 | Lair:1   | Entered Level 1 of the Lair of Beasts
 10421 | Lair:1   | Noticed a five-headed hydra
 10432 | Lair:1   | Killed a five-headed hydra
 10432 | Lair:1   | Received a gift from Okawaru
 10451 | Lair:1   | Got a bloodstained hat {god gift}
 10462 | Lair:1   | Identified the -2 hat of Okawaru's Condemnation {rC+}
                  | (Okawaru gifted it to you on level 1 of the Lair of Beasts)
 10878 | Lair:1   | Reached XP level 12. HP: 62/64 MP: 12/12
 11160 | Lair:2   | Reached skill level 10 in Armour
 11210 | Lair:2   | Noticed Maggie
 11292 | Lair:2   | Killed Maggie
 12761 | Lair:3   | Received a gift from Okawaru
 12835 | Lair:3   | You fall into a shaft and drop 1 floor!
 12842 | Lair:4   | Noticed Nessos
 12925 | Lair:3   | Found a staircase to the Snake Pit.
 13454 | Lair:4   | Found a staircase to the Shoals.
 13480 | Lair:4   | Reached XP level 13. HP: 57/68 MP: 13/13
 13520 | Lair:4   | Reached skill level 11 in Armour
 13729 | Lair:4   | Killed Nessos
 14034 | Lair:4   | Reached ****** piety under Okawaru
 14187 | Lair:4   | Reached skill level 15 in Shields
 14264 | Lair:4   | Got an ivory whip
 14769 | Lair:4   | Identified the +10 whip "Qeroas" {holy, rPois MR+} (You
                  | found it on level 4 of the Lair of Beasts)
 14940 | Lair:5   | Found a frozen archway.
 14973 | Lair:5   | Reached skill level 5 in Fighting
 14993 | Lair:5   | Received a gift from Okawaru
 15000 | IceCv    | Entered an ice cave
 15199 | IceCv    | Reached skill level 12 in Armour
 15555 | IceCv    | Received a gift from Okawaru
 15613 | IceCv    | Noticed a frost giant
 15661 | IceCv    | Killed a frost giant
 15661 | IceCv    | Reached skill level 1 in Invocations
 15661 | IceCv    | Gained mutation: Your large and strong wings let you fly
                  | indefinitely. [Gargoyle growth]
 15661 | IceCv    | Reached XP level 14. HP: 60/82 MP: 13/15
 16327 | Lair:5   | Reached skill level 13 in Armour
 16412 | Lair:5   | Noticed a dire elephant
 16433 | Lair:5   | Found a runed translucent door.
 17062 | Lair:6   | Entered Level 6 of the Lair of Beasts
 17101 | Lair:6   | Received a gift from Okawaru
 17102 | Lair:6   | Got encrusted ice dragon scales {god gift}
 17167 | Lair:5   | Identified the +0 ice dragon scales of Okawaru's Regard
                  | {rF- rC++ Str+7 Stlth-} (Okawaru gifted it to you on level
                  | 6 of the Lair of Beasts)
 17217 | Lair:6   | Noticed Josephine
 17235 | Lair:6   | Killed Josephine
 17458 | Lair:6   | Reached skill level 5 in Invocations
 17744 | Lair:6   | Found a staircase to the Slime Pits.
 18673 | D:5      | Bought the ring "Zaipeip" {rF+ Slay+3} for 535 gold pieces
 18998 | D:11     | Found a one-way gate to the infinite horrors of the Abyss.
 18998 | D:11     | Noticed Veteran's ghost (novice DDFi)
 19034 | D:11     | Found a transporter.
 19259 | D:11     | Reached XP level 15. HP: 92/92 MP: 19/19
 19307 | D:11     | Received a gift from Okawaru
 19780 | D:10     | Reached skill level 10 in Fighting
 19780 | D:10     | Reached skill level 14 in Armour
 20086 | D:11     | Found a transporter.
 20259 | D:12     | Noticed Jorgrun
 20331 | D:12     | Reached skill level 15 in Maces & Flails
 20726 | D:12     | Received a gift from Okawaru
 20727 | D:12     | Got a pair of brightly glowing gloves {god gift}
 20874 | D:12     | Killed Jorgrun
 20903 | D:12     | Identified the +1 robe of Hairiness {rF+ Str+4}
 21280 | D:12     | Found Eproit's Food Shoppe.
 21757 | D:12     | Reached skill level 15 in Armour
 21989 | D:13     | Noticed Frances
 22075 | Orc:1    | Entered Level 1 of the Orcish Mines
 22348 | Orc:2    | Entered Level 2 of the Orcish Mines
 22447 | Orc:2    | Received a gift from Okawaru
 22631 | Orc:2    | Reached XP level 16. HP: 101/101 MP: 20/20
 22680 | Orc:2    | Identified the +0 pair of gloves of Existentialism {rElec
                  | rPois rF+++ Dex-4} (Okawaru gifted it to you on level 12 of
                  | the Dungeon)
 22892 | Orc:1    | Found a runed translucent gate.
 22892 | Orc:1    | Found a runed translucent gate.
 22911 | Orc:1    | Found a runed translucent gate.
 22911 | Orc:1    | Noticed ICC's ghost (adept VSFi)
 22922 | Orc:1    | Noticed DerDa's ghost (journeyman DECj)
 22933 | Orc:1    | Killed DerDa's ghost
 22937 | Orc:1    | Killed ICC's ghost
 23197 | Orc:2    | Found a roughly hewn altar of Beogh.
 23335 | Orc:2    | Found Cepsaexano's Distillery.
 23507 | Orc:2    | Found Moilor's Antique Weapon Shoppe.
 23529 | Orc:2    | Bought a pitted flail for 229 gold pieces
 23529 | Orc:2    | Identified the cursed +1 flail of the Dark Horse {flame,
                  | rElec Int+9 Dex-5} (You bought it in a shop on level 2 of
                  | the Orcish Mines)
 23861 | Orc:2    | Received a gift from Okawaru
 24209 | Orc:2    | Found Jilluom's Magic Scroll Emporium.
 24233 | Orc:2    | Found a roughly hewn altar of Beogh.
 24243 | Orc:2    | Found Nuahaer's General Store.
 24718 | Orc:2    | Found a staircase to the Elven Halls.
 24982 | Snake:1  | Entered Level 1 of the Snake Pit
 25001 | Snake:1  | Reached skill level 1 in Axes
 25047 | Snake:1  | Reached skill level 16 in Armour
 25433 | Snake:1  | Found Domihag's Magic Scroll Boutique.
 26011 | Snake:2  | Received a gift from Okawaru
 26025 | Snake:2  | Reached skill level 5 in Axes
 26031 | Snake:2  | Got a brightly glowing scale mail {god gift}
 26247 | Snake:2  | Found Muaxacle's Magic Scroll Shoppe.
 26476 | Snake:2  | Reached XP level 17. HP: 110/110 MP: 21/21
 26660 | Snake:2  | You are sucked into a shaft and drop 1 floor!
 26979 | Snake:2  | Identified the +0 scale mail "Cuenucha" {rF+ Str+4}
                  | (Okawaru gifted it to you on level 2 of the Snake Pit)
 27530 | Snake:3  | Reached skill level 17 in Armour
 27614 | Snake:3  | Received a gift from Okawaru
 28249 | Snake:3  | Got a bloodstained morningstar
 28251 | Snake:3  | Identified the +7 morningstar of the Pit {antimagic, rF+
                  | Dex+4 Stlth-} (You found it on level 3 of the Snake Pit)
 28301 | Snake:4  | Entered Level 4 of the Snake Pit
 28791 | Snake:4  | Found an ornate altar of the Wu Jian Council.
 28863 | Snake:4  | Reached skill level 10 in Axes
 28941 | Snake:4  | Received a gift from Okawaru
 29033 | Snake:3  | Reached skill level 15 in Fighting
 29643 | Snake:4  | Received a gift from Okawaru
 29651 | Snake:4  | Reached XP level 18. HP: 119/119 MP: 7/22
 30107 | Snake:4  | Received a gift from Okawaru
 30107 | Snake:4  | Reached skill level 18 in Armour
 30108 | Snake:4  | Got an encrusted plate armour {god gift}
 30119 | Snake:4  | Identified the +1 plate armour "Taerel" {+Inv Int+5}
                  | (Okawaru gifted it to you on level 4 of the Snake Pit)
 30135 | Snake:4  | Got a serpentine rune of Zot
 30355 | Shoals:1 | Entered Level 1 of the Shoals
 30554 | Shoals:1 | Found an opulent altar of Gozag.
 31326 | Shoals:2 | Noticed Polyphemus
 32231 | Shoals:2 | Killed Polyphemus
 32623 | Shoals:3 | Received a gift from Okawaru
 33562 | Shoals:3 | Got an ivory halberd
 33568 | Shoals:3 | Identified the +3 halberd of Veufezxu {venom, rC+ SInv}
                  | (You found it on level 3 of the Shoals)
 33586 | Shoals:4 | Entered Level 4 of the Shoals
 33984 | Shoals:4 | Reached skill level 19 in Armour
 34244 | Shoals:4 | Reached XP level 19. HP: 109/127 MP: 24/24
 35005 | Shoals:4 | Got a barnacled rune of Zot
 35165 | Shoals:4 | Found the +7 captain's cutlass {speed, disarm}
 36126 | D:12     | Killed Frances
 36514 | D:13     | Found a gate to the Vaults.
 36589 | D:13     | Received a gift from Okawaru
 36745 | D:13     | Found Feweoj's Gadget Shop.
 36789 | D:13     | Found a sparkling altar of Nemelex Xobeh.
 37058 | Vaults:1 | Entered Level 1 of the Vaults
 37785 | Vaults:1 | Found a runed translucent gate.
 37785 | Vaults:1 | Found a runed translucent gate.
 37785 | Vaults:1 | Found an ancient bone altar of Kikubaaqudgha.
 37785 | Vaults:1 | Found a runed translucent gate.
 37785 | Vaults:1 | Noticed a lich
 37785 | Vaults:1 | Noticed Lofupn's ghost (adept SpEn)
 37785 | Vaults:1 | Noticed an ancient lich
 37786 | Vaults:1 | Noticed an ancient lich
 37842 | Vaults:1 | Noticed Donald
 37951 | D:13     | Killed Donald
 38123 | Vaults:1 | Killed a lich
 38123 | Vaults:1 | Reached skill level 20 in Armour
 38790 | Vaults:1 | Found a portal to a secret trove of treasure.
 39376 | Vaults:2 | Reached XP level 20. HP: 109/137 MP: 8/26
 39606 | Vaults:2 | Received a gift from Okawaru
 40194 | Vaults:2 | Noticed Mennas
 41336 | Vaults:3 | Reached skill level 21 in Armour
 41782 | Vaults:3 | Noticed a Tzitzimitl
 42205 | Vaults:3 | Received a gift from Okawaru
 42398 | Vaults:3 | You are sucked into a shaft and drop 1 floor!
 42503 | Vaults:3 | Got a polished plate armour
 42577 | Vaults:3 | Found a staircase to the Crypt.
 42577 | Vaults:3 | Found a basalt altar of Yredelemnul.
 42578 | Vaults:3 | Found an ancient bone altar of Kikubaaqudgha.
 42739 | Vaults:3 | Identified the +1 plate armour of Darkness {MR+} (You found
                  | it on level 3 of the Vaults)
 43602 | Vaults:4 | Reached XP level 21. HP: 137/146 MP: 9/27
 43698 | Vaults:4 | Noticed Boris
 43716 | Vaults:4 | Killed Boris
 44295 | Vaults:4 | Reached skill level 22 in Armour
 44662 | Vaults:4 | Noticed Jory
 44675 | Vaults:4 | Killed Jory
 44819 | Vaults:4 | Identified 2 scrolls of acquirement
 44989 | D:14     | Found a flagged portal.
 45007 | Bailey   | Entered a bailey
 45266 | Bailey   | Found an iron altar of Okawaru.
 45366 | Bailey   | Received a gift from Okawaru
 45557 | D:14     | Found a shimmering altar of Xom.
 46078 | D:14     | Found a shimmering blue altar of Sif Muna.
 46530 | D:15     | Entered Level 15 of the Dungeon
 47265 | D:15     | Found a staircase to the Depths.
 47669 | Elf:1    | Entered Level 1 of the Elven Halls
 47845 | Elf:1    | Got a fine hand axe
 47846 | Elf:1    | Identified the Volume of Battle Magic
 47850 | Elf:1    | Identified the +3 hand axe of Success {flame, +Blink rC+++
                  | Str-5 Int+2} (You found it on level 1 of the Elven Halls)
 48250 | Elf:1    | Found Hiqin's Magic Scroll Boutique.
 48268 | Elf:1    | Got a dazzling chain mail
 48535 | Elf:1    | Identified the +7 flail "Qyrghor" {vorpal, -Tele +Fly
                  | Int+3} (You acquired it on level 1 of the Elven Halls)
 48535 | Elf:1    | Identified the ring "Feheskuzua" {rPois MP+9 AC+3} (You
                  | acquired it on level 1 of the Elven Halls)
 48584 | Elf:1    | Bought a scroll of acquirement for 988 gold pieces
 48584 | Elf:1    | Bought a scroll of fear for 66 gold pieces
 48584 | Elf:1    | Bought a scroll of magic mapping for 66 gold pieces
 48584 | Elf:1    | Bought a scroll of teleportation for 57 gold pieces
 48584 | Elf:1    | Identified the +0 shield of Limitation {Dex+5} (You
                  | acquired it on level 1 of the Elven Halls)
 48610 | Elf:1    | Identified the +2 chain mail "Mano" {*Drain MR++ Str+4 SInv
                  | Stlth+} (You found it on level 1 of the Elven Halls)
 48862 | Elf:2    | Found a shimmering altar of Xom.
 49206 | Elf:2    | Found a huge runed translucent gate.
 49206 | Elf:2    | Found a huge runed translucent gate.
 49206 | Elf:2    | Found a huge runed translucent gate.
 49206 | Elf:2    | Found a huge runed translucent gate.
 49208 | Elf:2    | Found a huge runed translucent gate.
 49669 | Elf:2    | Received a gift from Okawaru
 49822 | Elf:2    | Reached XP level 22. HP: 138/155 MP: 3/28
 50052 | Elf:2    | Reached skill level 23 in Armour
 50280 | Elf:3    | Entered Level 3 of the Elven Halls
 50910 | Elf:3    | Found Lack's Jewellery Emporium.
 51972 | Elf:2    | Received a gift from Okawaru
 51973 | Elf:2    | Got a warped dagger {god gift}
 52281 | Elf:2    | Identified the +9 dagger "String" {freeze, rN+} (Okawaru
                  | gifted it to you on level 2 of the Elven Halls)
 52410 | Elf:3    | Identified the cursed +1 trident "Jiseafa" {vorpal, rElec
                  | rPois}
 53428 | Depths:1 | Entered Level 1 of the Depths
 53431 | Depths:1 | Found a gateway to a ziggurat.
 53437 | Depths:1 | Paralysed by a floating eye for 2 turns
 53951 | Depths:1 | Found a one-way gate leading to the halls of Pandemonium.
 54185 | Depths:1 | Received a gift from Okawaru
 54243 | Depths:1 | Reached skill level 24 in Armour
 54664 | Depths:1 | Found a gateway to Hell.
 54664 | Depths:1 | Paralysed by a floating eye for 3 turns
 54695 | Depths:1 | Paralysed by a floating eye for 3 turns
 54707 | Depths:1 | Paralysed by a floating eye for 3 turns
 54727 | Depths:1 | Reached XP level 23. HP: 139/164 MP: 9/29
 54896 | Depths:1 | Paralysed by a floating eye for 4 turns
 54984 | Depths:2 | Received a gift from Okawaru
 55669 | Depths:2 | HP: 7/164 [frost giant/bolt of cold (32)]
 55669 | Depths:2 | Killed from afar by a spriggan air mage

Levels and vault maps discovered:
D:1:      sevenhm_arrival_forest_fort_large_4, layout_basic
D:2:      layout_loops_ring, lemuel_crystal_altar
D:3:      layout_basic
D:4:      layout_basic, nicolae_overflow_hidden_temple
D:5:      layout_cave_pools, serial_shops, nicolae_shop_window_shopping,
          first_ration, grunt_ministairs_7, uniq_blork_the_orc, uniq_menkaure
D:6:      layout_rooms, grunt_temple_overflow_growth_and_decay,
          minmay_temple_entry_stoned_glass, gup_ossuary_entry_pyramid,
          serial_shops, shop, minmay_guarded_unrand_staff_of_olgreb
D:7:      layout_rooms, uniq_crazy_yiuf_cottage
D:8:      layout_basic, grunt_dithmenos_shadows
D:9:      layout_roguey, good_gods_mini_temple, lair_entry_dummy,
          grunt_pizzeria, wad_dig_loot
D:10:     layout_roguey, david_orc_5, serial_shops, shop
D:11:     layout_layer_cave, gammafunk_ghost_abyssal_escape
D:12:     minmay_the_grid_square_5x5_5x5_mashed
          [minmay_the_grid_square_5x5_dogpile,
          minmay_the_grid_square_5x5_shrine2,
          minmay_the_grid_square_5x5_checkered_statues,
          minmay_the_grid_square_5x5_inset, minmay_the_grid_square_5x5_empty,
          minmay_the_grid_square_5x5_corner,
          minmay_the_grid_square_5x5_prize_pseudospiral,
          minmay_the_grid_square_5x5_trominoes,
          minmay_the_grid_square_5x5_prize_rear_guard,
          minmay_the_grid_square_5x5_z, minmay_the_grid_square_5x5_tie,
          minmay_the_grid_square_5x5_detours,
          minmay_the_grid_square_5x5_prize_waves, minmay_the_grid_square_5x5_n,
          minmay_the_grid_square_5x5_forky,
          minmay_the_grid_square_5x5_two_walls_b,
          minmay_the_grid_square_5x5_prize_snowflake,
          minmay_the_grid_square_5x5_three_small,
          minmay_the_grid_square_5x5_prize_itemx,
          minmay_the_grid_square_5x5_seven,
          minmay_the_grid_square_5x5_doubleslash,
          minmay_the_grid_square_5x5_spiral_small,
          minmay_the_grid_square_5x5_eight_small,
          minmay_the_grid_square_5x5_almost_minimal,
          minmay_the_grid_square_5x5_minivault], layout_rooms, serial_shops,
          shop, minmay_rotating_lava, uniq_jorgrun
D:13:     layout_long_grid, erik_vaults_2, serial_shops, shop,
          nemelex_diamond_rough_becter, uniq_frances
D:14:     layout_basic, enter_bailey_3, lemuel_blue_sif_altar, xom_teletrap_fun
D:15:     grunt_enter_depths_magical_seal, layout_gridville,
          minmay_misc_feat_encased
Temple:   minmay_temple_curvy_branch
Lair:1:   layout_chaotic_city, worms_lemuel
Lair:2:   layout_loops_ring, beast_lair_carwin_7, serial_bayou_shore_a,
          uniq_maggie
Lair:3:   layout_chaotic_city, minmay_snake_entry_guardpost_small,
          grunt_megastairs_3, lemuel_fruit_fields, serial_bayou_shore_b
Lair:4:   layout_cave_pods, shoals_dummy_entry, lemuel_fruit_tree, uniq_nessos
Lair:5:   gammafunk_lair_enchanted_lake, layout_layer_cave,
          portal_ice_cave_entry_ice_beasts, kennysheep_basilisk_garden
Lair:6:   grunt_lair_end_beastmaster, layout_loops_ring,
          nicolae_slime_entry_slimehenge, uniq_josephine
Shoals:1: layout_shoals, lemuel_oklob_altar
Shoals:2: layout_shoals, uniq_polyphemus
Shoals:3: layout_shoals
Shoals:4: shoals_end_grunt_ice, layout_shoals
Snake:1:  layout_misc_corridors, serial_shops, shop
Snake:2:  layout_misc_corridors, serial_shops, shop
Snake:3:  layout_honeycomb
Snake:4:  snake_pit, layout_cave_town, basic_altar
Orc:1:    layout_caves, gammafunk_ghost_cemetery
Orc:2:    pubby_orc_utopia, serial_shops
Elf:1:    layout_gridlike, serial_shops, nicolae_shop_stone,
          minmay_elf_annihilation, nicolae_elf_big_sculpture_2
Elf:2:    layout_geoelf_octagon, basic_altar
Elf:3:    elf_hall, layout_loops_ring, minmay_misc_feat_alley, drop_trap,
          minmay_shop_star
Vaults:1: gammafunk_vaults_ghost_crypt, vaults_room_stairs_pillars, v_misc_31,
          v_misc_11, ontoclasm_vaults_gateway, hangedman_vaults_corner,
          v_misc_23, vaults_room_door_ring, vaults_room_grunt_arrival_ludios,
          nicolae_vaults_big_angled_halls, vaults_standard_mumra_x,
          nicolae_vaults_asterisk, vaults_room_corners, serial_ice_g,
          layout_vaults_ring, nicolae_trove_entry_crystal, uniq_donald
Vaults:2: st_squares, v_misc_10, nicolae_vaults_back_hallway,
          vaults_dpeg_diagonal, dpeg_vaults_monster_row, v_misc_10,
          grunt_vaults_trifunnel, v_alt_pattern_4, vaults_room_stairs_pillars,
          ontoclasm_vaults_decontamination, nicolae_vaults_network_s,
          vaults_mumra_minichess_inversion, v_misc_17,
          nicolae_vaults_little_squares_6, v_misc_19, vaults_dpeg_encased_lava,
          layout_vaults_maze, uniq_mennas
Vaults:3: nicolae_vaults_hallways_thing, ontoclasm_vaults_tryst,
          vaults_room_glass_cross, v_misc_8, minmay_crypt_entry_necro_gods,
          vaults_room_corners, nicolae_vaults_diagonal_hallway_6,
          layout_vaults_big_room
Vaults:4: hangedman_vaults_nails, v_pattern_2, ontoclasm_vaults_bender,
          nicolae_vaults_yaktaur_gun_rack, vaults_dpeg_ring,
          nicolae_vaults_display_case, hangedman_vaults_stitches,
          vaults_room_corners, vaults_standard_mumra_enter_the_diamond,
          nicolae_vaults_ring_of_whatevers, layout_vaults_omnicross, uniq_boris,
          uniq_margery, uniq_jory
Depths:1: layout_roguey, enter_ziggurat_c, abyss_entry, rand_demon_pan_entry_5,
          hell_entry, hangedman_decor_clover_reticule, skrybe_limestone_x,
          st_stairs_7, kennysheep_potato
Depths:2: evilmike_cross, layout_cave_shapes, grunt_hell_horde,
          grunt_absolute_annihilation, minmay_staircase_windowed_small,
          uniq_saint_roka

Skill      XL: |  1  2  3  4  5  6  7  8  9 10 11 12 13 14 15 16 17 18 19 20 21 22 |
---------------+-------------------------------------------------------------------+-----
Shields        | 4 5 6 7 8 10 11 13 14 15 | 15.0
Maces & Flails | 3 4 5 7 9 10 11 13 14 15 16 | 16.0
Armour         | 4 5 6 7 8 9 10 12 13 15 16 17 19 20 21 22 24 | 24.3
Fighting       | 7 9 11 13 15 16 18 20 21 22 | 22.9
Invocations    | 1 6 7 8 |  8.1
Axes           | 6 10 11 | 11.9

Action                   |  1- 3 |  4- 6 |  7- 9 | 10-12 | 13-15 | 16-18 | 19-21 | 22-24 || total
-------------------------+-------+-------+-------+-------+-------+-------+-------+-------++-------
Melee: Flail             |    96 |   216 |   683 |  1752 |   290 |       |       |       ||  3037
       Whip              |       |       |       |       |  1742 |  1668 |   512 |       ||  3922
       Morningstar       |       |       |       |       |       |   562 |  1581 |   716 ||  2859
Throw: Dart              |       |       |       |     4 |    17 |       |       |       ||    21
Invok: Heroism           |       |       |       |     1 |     1 |     1 |     2 |       ||     5
       Finesse           |       |       |       |       |       |     1 |     2 |       ||     3
 Abil: Fly               |       |       |       |       |     1 |       |       |       ||     1
Evoke: Wand              |       |       |       |     3 |     3 |       |       |       ||     6
  Use: Scroll            |       |     9 |     3 |    10 |     3 |     9 |    17 |     3 ||    54
       Potion            |       |       |     1 |       |     2 |       |     2 |     1 ||     6
  Eat: Chunk             |     2 |     7 |     2 |    20 |    31 |    21 |    33 |     6 ||   122
       Ration            |       |       |     2 |     2 |     1 |     5 |     6 |     3 ||    19
Armor: Scale mail        |    41 |   103 |   412 |   851 |   211 |       |       |       ||  1618
       Ring mail         |       |       |       |   157 |       |       |       |       ||   157
       Ice dragon scales |       |       |       |       |   358 |   755 |   596 |       ||  1709
       Plate armour      |       |       |       |       |    53 |       |    48 |       ||   101
       Chain mail        |       |       |       |       |       |       |    64 |   407 ||   471
Dodge: Dodged            |    30 |    41 |   221 |   475 |   377 |   431 |   359 |   163 ||  2097
Block: Shield            |    49 |   111 |   481 |  1132 |  1077 |  1315 |  1358 |   570 ||  6093
       Reflection        |       |       |       |       |       |    12 |   123 |    55 ||   190

Table legend:
 A = Non-vault XP
 B = Vault XP
 C = Vault XP percentage of total XP
 D = Non-vault monster count
 E = Vault monster count
 F = Vault count percentage of total count
                 A         B        C        D         E       F
            +---------+---------+-------+---------+---------+-------
      Total |  395796 |  328674 |  45.4 |    1107 |     742 |  40.1
            +---------+---------+-------+---------+---------+-------
        D:1 |      11 |       0 |   0.0 |       7 |       0 |   0.0
        D:2 |      40 |       0 |   0.0 |      16 |       0 |   0.0
        D:3 |     106 |       0 |   0.0 |      24 |       0 |   0.0
        D:4 |     386 |       0 |   0.0 |      18 |       0 |   0.0
        D:5 |     726 |     398 |  35.4 |      14 |       3 |  17.6
        D:6 |    1082 |    1476 |  57.7 |      17 |      19 |  52.8
        D:7 |     732 |      39 |   5.1 |      14 |       1 |   6.7
        D:8 |    2241 |     755 |  25.2 |      30 |       2 |   6.2
        D:9 |    2820 |    1254 |  30.8 |      39 |       5 |  11.4
       D:10 |    4418 |     551 |  11.1 |      39 |      20 |  33.9
       D:11 |    5658 |    1057 |  15.7 |      33 |       4 |  10.8
       D:12 |    8029 |   26100 |  76.5 |      49 |      58 |  54.2
       D:13 |    9918 |    9855 |  49.8 |      35 |       9 |  20.5
       D:14 |   12591 |       8 |   0.1 |      38 |       4 |   9.5
       D:15 |   17534 |    4834 |  21.6 |      60 |       9 |  13.0
     Lair:1 |    3220 |     825 |  20.4 |      13 |       4 |  23.5
     Lair:2 |    1718 |    1378 |  44.5 |      10 |       8 |  44.4
     Lair:3 |   10037 |     632 |   5.9 |      41 |       4 |   8.9
     Lair:4 |    8151 |    1353 |  14.2 |      34 |       1 |   2.9
     Lair:5 |    9347 |    5901 |  38.7 |      21 |      19 |  47.5
     Lair:6 |    5588 |   10743 |  65.8 |      20 |      28 |  58.3
   Shoals:1 |   12347 |     947 |   7.1 |      25 |       1 |   3.8
   Shoals:2 |   16009 |    5082 |  24.1 |      28 |       4 |  12.5
   Shoals:3 |    8100 |       0 |   0.0 |      16 |       0 |   0.0
   Shoals:4 |   13061 |   20754 |  61.4 |      25 |      34 |  57.6
    Snake:1 |   12679 |       0 |   0.0 |      26 |       0 |   0.0
    Snake:2 |   22407 |       0 |   0.0 |      44 |       0 |   0.0
    Snake:3 |   23115 |       0 |   0.0 |      41 |       0 |   0.0
    Snake:4 |   17058 |   30235 |  63.9 |      29 |      44 |  60.3
      Orc:1 |    2306 |    3288 |  58.8 |      28 |       4 |  12.5
      Orc:2 |       0 |   20557 | 100.0 |       0 |     145 | 100.0
      Elf:1 |    6020 |    3686 |  38.0 |      11 |       5 |  31.2
      Elf:2 |    8696 |   22138 |  71.8 |      14 |      26 |  65.0
      Elf:3 |   25226 |   46935 |  65.0 |      42 |      31 |  42.5
   Vaults:1 |   18489 |   18578 |  50.1 |      29 |      31 |  51.7
   Vaults:2 |   20313 |   26506 |  56.6 |      40 |      43 |  51.8
   Vaults:3 |   29780 |    7808 |  20.8 |      60 |       7 |  10.4
   Vaults:4 |   14249 |   32299 |  69.4 |      29 |      34 |  54.0
   Depths:1 |   31795 |    3885 |  10.9 |      33 |       6 |  15.4
   Depths:2 |    9793 |    2268 |  18.8 |      15 |       4 |  21.1
    Ossuary |       0 |     239 | 100.0 |       0 |      29 | 100.0
     Bailey |       0 |    4242 | 100.0 |       0 |      44 | 100.0
      IceCv |       0 |   12068 | 100.0 |       0 |      52 | 100.0
            +---------+---------+-------+---------+---------+-------
